 Dungeon Crawl Stone Soup version 0.21-a0-153-g78480df (webtiles) character file.

147 Ikkuss the Magician (level 5, -7/30 HPs)
             Began as a Gargoyle Wizard on Aug 2, 2017.
             Mangled by an ice beast (10 damage)
             ... on level 4 of the Dungeon.
             The game lasted 00:12:53 (4082 turns).

Ikkuss the Magician (Gargoyle Wizard)               Turns: 4082, Time: 00:12:54

Health: -7/30      AC:  6    Str: 11    XL:     5   Next: 29%
Magic:  1/10       EV: 12    Int: 19    God:
Gold:   175        SH:  0    Dex: 11    Spells: 2/11 levels left

rFire    . . .     SeeInvis .   y - -2 morningstar
rCold    . . .     Gourm    .   (no shield)
rNeg     + . .     Faith    .   a - +0 robe
rPois    ∞         Spirit   .   b - +0 hat
rElec    +         Reflect  .   (no cloak)
rCorr    .         Harm     .   (no gloves)
MR       .....                  (no boots)
Stlth    ++........             (no amulet)
HPRegen  0.10/turn              j - +3 ring of dexterity
MPRegen  0.12/turn              (no ring)

@: very slightly contaminated
A: negative energy resistance 1, electricity resistance, unbreathing,
petrification resistance, rot immunity, AC +4
a: no special abilities


You were on level 4 of the Dungeon.
You were not hungry.

You visited 1 branch of the dungeon, and saw 4 of its levels.

You collected 175 gold pieces.

Inventory:

Hand Weapons
 l - a +2 whip of electrocution
 y - a -2 morningstar (weapon)
Missiles
 f - 138 stones (quivered)
Armour
 a - a +0 robe (worn)
 b - a +0 hat (worn)
Jewellery
 j - a +3 ring of dexterity (left hand)
Wands
 m - a wand of lightning (5/15)
 w - a wand of iceblast (5/15)
Scrolls
 e - 2 scrolls of teleportation
 i - a scroll of fog
 s - a scroll of remove curse
 v - a scroll of recharging {unknown}
Potions
 g - a potion of invisibility {unknown}
 h - a potion of brilliance {unknown}
 k - a potion of lignification
 n - 2 potions of flight
 q - a potion of resistance
 r - 2 potions of heal wounds
 u - a potion of haste {unknown}
 x - a potion of cancellation {unknown}
 z - a potion of curing
Books
 c - a book of Minor Magic

   Spells                             Type                      Level
   a - Magic Dart                     Conjuration                  1
   b - Blink                          Translocation                2
   c - Call Imp                       Summoning                    2
   d - Slow                           Hexes                        2
   e - Conjure Flame                  Conjuration/Fire             3
   f - Mephitic Cloud                 Conjuration/Poison/Air       3
Comestibles
 d - 2 bread rations
 o - a royal jelly
 p - a meat ration
 t - 3 chunks of flesh


   Skills:
 - Level 2.0 Fighting
 * Level 1.4 Maces & Flails
 * Level 1.5 Dodging
 - Level 2.1 Stealth
 - Level 3.5 Spellcasting
 - Level 3.2 Conjurations
 - Level 1.6 Summonings
   Level 0.8 Translocations


You had 2 spell levels left.
You knew the following spells:

 Your Spells              Type           Power        Failure   Level  Hunger
a - Magic Dart            Conj           ###.         3%          1    None
b - Conjure Flame         Conj/Fire      #.......     22%         3    ###....
c - Mephitic Cloud        Conj/Pois/Air  #.......     28%         3    ###....
d - Call Imp              Summ           #.......     11%         2    ##.....


Dungeon Overview and Level Annotations

Branches:
Dungeon (4/15)
 Temple: D:4-7

Altars:
Fedhas


Innate Abilities, Weirdness & Mutations

You are resistant to torment.
Your stone body is resilient. (AC +4)
You are immune to poison.
You resist negative energy. (rN+)
You are resistant to electric shocks. (rElec)
You can survive without breathing.
You are immune to petrification.
You are immune to rotting.


Message History

The ice beast is heavily wounded.
The ice beast hits you but does no damage.
The ice beast closely misses you.
You barely miss the ice beast.
The ice beast is heavily wounded.
The ice beast misses you.
You hit the ice beast.
The ice beast is heavily wounded.
The ice beast hits you. The ice beast freezes you.
* * * LOW HITPOINT WARNING * * *
The ice beast barely misses you.
You closely miss the ice beast.
The ice beast is heavily wounded.
The ice beast hits you but does no damage.
You closely miss the ice beast.
The ice beast is heavily wounded.
The ice beast hits you.
* * * LOW HITPOINT WARNING * * *
The ice beast freezes you!
You die...

# #.# # #.# #.#
###.###.# #.# ........#
##.## ###.##### ##...##
##.## .....# #...######
...# .#
#.#.......######Y##...##
##.#.####.......@.......
##.## ################
##


You could see an ice beast.

Vanquished Creatures
  2 adders
  An adder skeleton (D:4)
  3 worms
  3 dart slugs
  2 leopard geckos
  8 orcs (D:3)
  10 bats
  4 giant cockroaches (D:1)
  6 goblins
  9 hobgoblins
  8 jackals
  A quokka (D:2)
  A ball python (D:1)
  2 frilled lizards
  5 kobolds
  5 rats
70 creatures vanquished.

Vanquished Creatures (collateral kills)
  A hound (D:4)
  An adder (D:4)
  An orc (D:3)
  A hobgoblin (D:2)
  A rat (D:3)
5 creatures vanquished.

Grand Total: 75 creatures vanquished

Notes
Turn   | Place    | Note
-------+----------+-------------------------------------------
     0 | D:1      | Ikkuss the Gargoyle Wizard began the quest for the Orb.
     0 | D:1      | Reached XP level 1. HP: 10/10 MP: 4/4
   387 | D:1      | Reached XP level 2. HP: 16/16 MP: 0/6
   564 | D:1      | Reached skill level 1 in Fighting
   798 | D:1      | Reached XP level 3. HP: 20/20 MP: 1/7
  1533 | D:2      | Reached XP level 4. HP: 24/26 MP: 0/9
  1667 | D:2      | Learned a level 3 spell: Conjure Flame
  1671 | D:2      | Learned a level 3 spell: Mephitic Cloud
  1674 | D:2      | Learned a level 2 spell: Call Imp
  2743 | D:3      | Reached skill level 1 in Summonings
  3078 | D:3      | Found a blossoming altar of Fedhas.
  3450 | D:3      | Reached skill level 1 in Maces & Flails
  3624 | D:3      | Reached XP level 5. HP: 30/30 MP: 7/10
  3865 | D:4      | Noticed a hungry ghost
  4063 | D:4      | Noticed an ice beast
  4082 | D:4      | Mangled by an ice beast

Vault maps used:
D:1:      dpeg_arrival_snail
D:3:      cheibrodos_old_hovel, fedhas_altar_1, grunt_decor_arrowhead,
          minmay_item_behind_shaft
D:4:      lightli_temple_of_fire, first_bread, fountainhead

Skill      XL: |  1  2  3  4 |
---------------+-------------+-----
Fighting       | 1 2 |  2.0
Conjurations   | 2 3 |  3.2
Summonings     | 1 |  1.6
Maces & Flails | 1 |  1.4
Dodging        | |  1.5
Stealth        | |  2.1
Spellcasting   | |  3.5
Translocations | |  0.8

Action                   |  1- 3 |  4- 6 || total
-------------------------+-------+-------++-------
Melee: Dagger            |    10 |       ||    10
       Unarmed           |     1 |       ||     1
       Whip              |    23 |    16 ||    39
       Morningstar       |       |    45 ||    45
Throw: Stone             |       |     3 ||     3
 Cast: Magic Dart        |    76 |    53 ||   129
       Call Imp          |       |     9 ||     9
       Conjure Flame     |       |     7 ||     7
  Use: Scroll            |     4 |     6 ||    10
  Eat: Chunk             |     2 |     6 ||     8
       Meat ration       |       |     1 ||     1
Armor: Robe              |    23 |    14 ||    37
Dodge: Dodged            |    23 |    49 ||    72
